 Dungeon Crawl Stone Soup version 0.28.0-47-ge53b351184 (webtiles) character file.

Game seed: 15130300144611655461

120012 pkoi the Destroyer (level 15, -14/124 HPs)
             Began as a Demigod Conjurer on May 2, 2022.
             Shot with an arrow by Vashnia (47 damage)
             ... on level 2 of the Snake Pit on May 3, 2022.
             The game lasted 01:44:55 (48787 turns).

pkoi the Destroyer (Demigod Conjurer)              Turns: 48787, Time: 01:44:56

Health: -14/124    AC: 14    Str:  8    XL:     15   Next: 81%
Magic:  30/42      EV: 14    Int: 40    God:
Gold:   1831       SH:  0    Dex: 12    Spells: 3/33 levels left

rFire   . . .      SeeInvis .   o - staff of conjuration
rCold   . . .      Faith    .   (no shield)
rNeg    + . .      Spirit   .   R - +2 troll leather armour {Snorg}
rPois   .          Reflect  .   G - +0 hat {Stlth+}
rElec   .          Harm     .   b - +0 cloak
rCorr   +          Rampage  .   Q - +0 pair of gloves
Will    +....                   y - +0 pair of boots of the Goldsmith {rN+ rCorr}
Stlth   +++.......              I - amulet of the acrobat
HPRegen 1.10/turn               j - ring of magical power
MPRegen 0.28/turn               A - +4 ring of protection

@: lethally poisoned (-14 -> -15), studying 2 skills
A: high MP 1, forlorn, divine attributes, no potion heal 1
a: no special abilities


You were on level 2 of the Snake Pit.
You visited 4 branches of the dungeon, and saw 23 of its levels.
You visited the Abyss 1 time.
You also visited: Gauntlet.

You collected 1831 gold pieces.

Inventory:

Hand Weapons
 s - the +8 rapier "Bept" {vorpal, rElec Int-4 Dex+4}
   (You found it on level 10 of the Dungeon)

   It inflicts extra damage upon your enemies.
   Int:       It affects your intelligence (-4).
   Dex:       It affects your dexterity (+4).
   rElec:     It insulates you from electricity.
Missiles
 c - 52 poisoned darts
 g - 6 curare-tipped darts
 u - 3 boomerangs of dispersal
 E - 2 throwing nets
Armour
 b - a +0 cloak (worn)
 y - the +0 pair of boots of the Goldsmith (worn) {rN+ rCorr}
   (You found it in a Gauntlet)

   rN:        It protects you from negative energy.
   rCorr:     It protects you from acid and corrosion.
 F - the -2 cloak of Weziwki {rC+ Slay+2}
   (You found it in a Gauntlet)

   Slay:      It affects your accuracy & damage with ranged weapons and melee
   (+2).
   rC:        It protects you from cold.
 G - a +0 hat of stealth (worn)
 Q - a +0 pair of gloves (worn)
 R - a +2 troll leather armour (worn) {Snorg}
Magical Staves
 o - a staff of conjuration (weapon)
 M - a staff of earth
Jewellery
 f - a ring of protection from cold
 j - a ring of magical power (left hand)
 v - a ring of willpower
 A - a +4 ring of protection (right hand)
 I - an amulet of the acrobat (around neck)
 K - a ring of wizardry
 U - a ring of poison resistance
Wands
 d - a wand of flame (44)
 h - a wand of paralysis (21)
 r - a wand of polymorph (35)
 x - a wand of acid (21)
 z - a wand of mindburst (7)
 B - a wand of iceblast (11)
 O - a wand of digging (6)
Scrolls
 k - 9 scrolls of teleportation
 l - 2 scrolls of enchant armour
 n - 4 scrolls of fear
 J - 5 scrolls of amnesia
 L - a scroll of enchant weapon
 P - 2 scrolls of fog
 S - 2 scrolls of blinking
 T - 5 scrolls of identify
 W - a scroll of brand weapon
 X - a scroll of magic mapping
Potions
 a - 3 potions of berserk rage
 e - 2 potions of mutation
 i - 4 potions of heal wounds
 m - 2 potions of brilliance
 p - a potion of might
 q - a potion of resistance
 t - 5 potions of cancellation
 w - 6 potions of curing
 C - a potion of magic
 H - 2 potions of haste
 N - 2 potions of flight
Miscellaneous
 D - a phantom mirror
 V - a lightning rod (4/4)


   Skills:
 - Level 9.0 Fighting
 - Level 6.0 Armour
 + Level 7.8 Dodging
 - Level 1.7 Stealth
 - Level 1.0 Shields
 * Level 9.4 Unarmed Combat
 + Level 9.9 Spellcasting
 - Level 12.0 Conjurations
 - Level 8.0 Hexes
 - Level 6.0 Summonings
 - Level 7.2 Translocations
 - Level 3.0 Transmutations
 - Level 9.1 Air Magic
 + Level 3.5 Earth Magic
 - Level 3.0 Poison Magic
 - Level 3.0 Evocations


You had 3 spell levels left.
You knew the following spells:

 Your Spells              Type           Power      Damage    Failure   Level
a - Magic Dart            Conj           100%       1d8       1%          1
b - Searing Ray           Conj           100%       2d8       1%          2
c - Iskenderun's Mystic   Conj/Tloc      98%        2d19      1%          4
d - Fulminant Prism       Conj/Hex       49%        3d21      1%          4
e - Blink                 Tloc           100%       N/A       1%          2
f - Poisonous Vapours     Pois/Air       100%       N/A       1%          2
g - Airstrike             Air            37%        N/A       1%          4
h - Apportation           Tloc           100%       N/A       1%          1
i - Summon Lightning Spi  Summ/Air       69%        N/A       1%          4
j - Iron Shot             Conj/Erth      44%        9d9       16%         6

Your spell library contained the following spells:

 Spells                   Type           Power      Damage    Failure   Level
 Beastly Appendage        Tmut           86%        N/A       1%          1
 Summon Small Mammal      Summ           100%       N/A       1%          1
 Corpse Rot               Necr/Air       100%       N/A       1%          2
 Static Discharge         Conj/Air       100%       N/A       1%          2
 Wereblood                Tmut           43%        N/A       1%          2
 Call Canine Familiar     Summ           61%        N/A       1%          3
 Dazzling Flash           Conj/Hex       100%       N/A       1%          3
 Animate Skeleton         Necr           38%        N/A       2%          1
 Spider Form              Tmut/Pois      43%        N/A       2%          3
 Hailstorm                Conj/Ice       80%        3d16      1%          4
 Sticky Flame             Conj/Fire      80%        2d9       1%          4
 Lightning Bolt           Conj/Air       51%        1d72      1%          5
 Animate Armour           Summ/Erth      100%       N/A       3%          4
 Freezing Cloud           Conj/Ice/Air   42%        6-21      3%          5
 Manifold Assault         Tloc           67%        N/A       3%          5
 Summon Forest            Summ/Tloc      32%        N/A       4%          5
 Ice Form                 Ice/Tmut       31%        N/A       13%         4
 Metabolic Englaciation   Hex/Ice        25%        N/A       13%         5
 Alistair's Intoxication  Tmut/Pois      28%        N/A       21%         5
 Blade Hands              Tmut           21%        N/A       21%         5
 Animate Dead             Necr           9%         N/A       24%         4
 Dispel Undead            Necr           19%        3d11      24%         4
 Spellforged Servitor     Conj/Summ      47%        N/A       45%         7
 Storm Form               Tmut/Air       31%        N/A       86%         7
 Simulacrum               Ice/Necr       9%         N/A       98%         6


Dungeon Overview and Level Annotations

Branches:
Dungeon (14/15)            Temple (0/1) D:7            Lair (6/6) D:9
 Shoals (1/4) Lair:2        Snake (2/4) Lair:2        Slime (0/5) Lair:6
    Orc (0/2) D:10         Vaults (0/5) D:13        Gauntlet (visited)

Shops:
D:1 (   D:3 [   Snake:1 =

Portals:
Abyss: Lair:6
Trove: D:11 (give 8 potions of haste)

Annotations:
D:12 1 runed translucent door
D:14 3 runed translucent doors, NinjaNoafa's ghost, journeyman MiFi; Soldner's ghost, journeyman HOFi
Snake:2 Vashnia


Innate Abilities, Weirdness & Mutations

You have an increased reservoir of magic. (+10% MP)
You shall have no god before yourself.
Your divine heritage dramatically boosts your attributes as you level up.
Potions are less effective at restoring your health.


Message History

The naga sharpshooter shoots a bolt.
The bolt hits you!
* * * LOW HITPOINT WARNING * * *
There is a stone staircase leading up, spattered with blood here.
Casting: Iron Shot (dangerous; 16% risk of failure)
Confirm with . or Enter, or press ? or * to list all spells.
Aiming: Iron Shot (dangerous; 16% risk of failure)
Press: ? - help, Shift-Dir - straight line, f - naga sharpshooter
Aim: a naga sharpshooter, wielding a +0 shortbow and quivering arrows (76% to hit)
You feel a surge of power!
The iron shot hits the naga sharpshooter!!!
The naga sharpshooter is severely wounded.
The naga sharpshooter shoots an arrow.
The arrow hits you.
* * * LOW HITPOINT WARNING * * *
Vashnia says, "You'll make a fine pincushion."
Vashnia shoots an arrow.
The arrow hits you!!
* * * LOW HITPOINT WARNING * * *
The naga sharpshooter shoots a bolt.
The bolt hits you but does no damage.
The naga sharpshooter gestures wildly while chanting.
The naga sharpshooter magically shoots a bolt.
The bolt barely misses you.
Casting: Iron Shot (dangerous; 16% risk of failure)
Confirm with . or Enter, or press ? or * to list all spells.
Aiming: Iron Shot (dangerous; 16% risk of failure)
Press: ? - help, Shift-Dir - straight line, f/p - naga sharpshooter
Aim: a naga sharpshooter, wielding a +0 shortbow and quivering arrows (severely wounded, 76% to hit)
You feel a surge of power!
The iron shot hits the naga sharpshooter!!!
You kill the naga sharpshooter!
Vashnia gestures wildly while chanting.
Vashnia blinks!
The naga sharpshooter casts a spell.
The naga sharpshooter magically shoots a bolt.
The bolt hits you!
* * * LOW HITPOINT WARNING * * *
The naga sharpshooter spits poison at you.
The splash of poison hits you!
You are poisoned.
* * * LOW HITPOINT WARNING * * *
You feel sick.
Vashnia shoots an arrow.
The arrow hits you!!!
You die...

....#####
.......##
....#
#.§N....##
#..).....#
#...N....#
##.....)..#
###.N......)##
.............#
...........#
........@.##
#...#.....#
### ##..###
####


You could see Vashnia and 2 naga sharpshooters.

Vanquished Creatures
  Gastronok (Lair:1)
  A cacodemon (Gauntlet)
  A minotaur (Gauntlet)
  Snorg (D:11)
  A merfolk impaler (Shoals:1)
  A naga warrior (Snake:1)
  Fannar (D:10)
  11 hydras
  A hydra (shapeshifter) (Lair:6)
  2 ogre magi
  Erolcha (D:11)
  Harold (Lair:1)
  A salamander tyrant (Snake:1)
  A catoblepas (Lair:3)
  Erica (D:8)
  3 boulder beetles
  5 centaur warriors
  A merfolk aquamancer (D:12)
  4 two-headed ogres
  A death knight (D:14)
  2 anacondas
  An alligator (shapeshifter) (Lair:6)
  11 death yaks
  2 tengu warriors (D:12)
  5 naga sharpshooters
  2 thrashing horrors (Lair:6)
  Sonja (D:11)
  A shock serpent (Snake:1)
  A salamander mystic (Snake:2)
  4 skeletal warriors (D:13)
  A fire crab (Lair:6)
  A sea snake (Shoals:1)
  2 naga ritualists (Snake:1)
  A deep elf archer (D:13)
  A bog body (Lair:4)
  2 wizards (Gauntlet)
  Pikel (D:9)
  The ghost of Atherized the Cleaver, a novice MiBe of Trog (D:6)
  A deep elf zephyrmancer (D:13)
  6 mana vipers
  A wolf spider (D:12)
  11 ugly things
  3 deep elf pyromancers
  2 orc knights (D:10)
  4 manticores
  2 cyclopes
  2 oklob plants (Lair:6)
  4 salamanders (Snake:1)
  3 elephants (Lair:3)
  An ice statue (Lair:4)
  8 naga magi
  17 black mambas
  A merfolk siren (Shoals:1)
  3 gargoyles
  2 smoke demons (Lair:6)
  2 water nymphs (D:12)
  2 kobold demonologists
  18 cane toads
  A yaktaur (shapeshifter) (D:12)
  3 unseen horrors
  4 rime drakes
  10 komodo dragons
  2 freezing wraiths (D:14)
  5 yaktaurs
  An ice devil (Lair:4)
  An entropy weaver simulacrum (Lair:4)
  2 ancient zymes (Lair:6)
  2 tengu conjurers (D:14)
  8 trolls
  A wind drake (Shoals:1)
  A merfolk (Shoals:1)
  4 polar bears
  A meliai (D:12)
  27 blink frogs
  3 hornets
  6 dream sheep (Lair:5)
  A spriggan (Lair:6)
  A shadow (D:11)
  2 ynoxinuls (Lair:6)
  A water elemental (D:12)
  5 wraiths
  3 basilisks
  2 wyverns
  51 yaks
  A neqoxec (Gauntlet)
  A chaos spawn (Lair:6)
  9 vampire mosquitoes
  3 steam dragons (D:7)
  11 small abominations (Lair:6)
  14 nagas
  2 acid dragons
  9 water moccasins
  6 orc warriors
  An ice beast (D:4)
  2 necrophages
  2 sky beasts
  10 ogres
  A wolf (D:9)
  6 boggarts
  A phantom (D:5)
  6 centaurs
  3 lemures (D:9)
  8 kobold brigands
  11 bullfrogs
  2 wyvern zombies (D:8)
  A cane toad simulacrum (Lair:4)
  2 two-headed ogre simulacra (Lair:4)
  4 gnoll sergeants
  A water moccasin skeleton (D:7)
  13 wights
  10 killer bees (D:9)
  5 howler monkeys
  3 electric eels (D:9)
  2 jellies
  A bullfrog zombie (D:5)
  9 hounds
  A bullfrog skeleton (D:7)
  3 orc priests
  2 centaur skeletons (D:5)
  8 centaur zombies
  A gnoll shaman (D:7)
  An iguana (D:4)
  A scorpion zombie (D:5)
  Natasha (thrice) (D:4)
  5 orc wizards
  A spriggan simulacrum (Lair:4)
  A wolf simulacrum (Lair:4)
  2 centaur simulacra
  A hound skeleton (D:4)
  15 gnolls
  6 adders
  A naga simulacrum (Lair:4)
  4 shadow imps
  4 white imps
  An ufetubus (D:6)
  2 worms
  3 dart slugs
  28 orcs
  9 endoplasms
  3 giant cockroaches
  6 goblins
  4 hobgoblins
  11 jackals
  22 kobolds
  3 quokkas
  4 ball pythons
  3 bats
  6 frilled lizards
  5 rats
651 creatures vanquished.

Vanquished Creatures (collateral kills)
  A two-headed ogre (D:13)
  A vampire mosquito (D:13)
  An acid dragon (D:13)
3 creatures vanquished.

Vanquished Creatures (others)
  A centaur simulacrum (D:12)
  23 demonic plants (Gauntlet)
  472 fulminant prisms
  53 fungi
  89 plants
  6 withered plants (D:14)
644 creatures vanquished.

Grand Total: 1298 creatures vanquished

Notes
Turn   | Place    | Note
-------+----------+-------------------------------------------
     0 | D:1      | pkoi the Demigod Conjurer began the quest for the Orb.
     0 | D:1      | Reached XP level 1. HP: 14/14 MP: 5/5
   370 | D:1      | Reached skill level 4 in Conjurations
   526 | D:1      | Found Likh's Weapon Shop.
   573 | D:1      | Reached XP level 2. HP: 20/20 MP: 1/7
  1854 | D:2      | Reached XP level 3. HP: 24/26 MP: 3/8
  2160 | D:2      | Learned a level 2 spell: Searing Ray
  2653 | D:2      | Reached skill level 5 in Conjurations
  3280 | D:3      | Noticed an ogre
  3286 | D:3      | Killed an ogre
  3287 | D:3      | Reached XP level 4. HP: 33/33 MP: 1/9
  3705 | D:3      | Reached XP level 5. HP: 38/38 MP: 8/10
  3854 | D:3      | Reached skill level 6 in Conjurations
  4135 | D:3      | You fall into a shaft and drop 1 floor!
  4554 | D:4      | Learned a level 4 spell: Iskenderun's Mystic Blast
  4566 | D:4      | Noticed Natasha
  5471 | D:3      | Found Tuecleyc's Armour Boutique.
  5792 | D:4      | Reached skill level 1 in Fighting
  5792 | D:4      | Reached skill level 1 in Translocations
  5792 | D:4      | Reached XP level 6. HP: 31/47 MP: 5/12
  5908 | D:4      | Killed Natasha
  6000 | D:4      | Noticed Natasha
  6004 | D:4      | Killed Natasha
  6058 | D:4      | Noticed Natasha
  6063 | D:4      | Killed Natasha
  6828 | D:5      | Entered Level 5 of the Dungeon
  7151 | D:5      | Reached skill level 1 in Armour
  7151 | D:5      | Reached skill level 1 in Shields
  7151 | D:5      | Reached XP level 7. HP: 53/53 MP: 6/14
  7313 | D:5      | Learned a level 4 spell: Fulminant Prism
  7603 | D:5      | Reached skill level 7 in Conjurations
  7657 | D:5      | Identified the +2 falchion of Cowardice {distort, rF+}
  7986 | D:5      | Reached skill level 1 in Hexes
  8521 | D:5      | Noticed a yak
  8524 | D:5      | Noticed a yak
  8526 | D:5      | Noticed a yak
  8526 | D:5      | Noticed a yak
  8527 | D:5      | Noticed a yak
  8528 | D:5      | Killed a yak
  8533 | D:5      | Killed a yak
  8534 | D:5      | Reached XP level 8. HP: 46/62 MP: 2/16
  9115 | D:5      | Reached skill level 8 in Conjurations
 10782 | D:6      | Found a transporter.
 10784 | D:6      | Found a transporter.
 10785 | D:6      | Noticed Atherized's ghost (novice MiBe)
 10787 | D:6      | Noticed a two-headed ogre
 11103 | D:6      | Reached XP level 9. HP: 71/71 MP: 10/18
 12067 | D:7      | Reached skill level 9 in Conjurations
 12316 | D:7      | Found a staircase to the Ecumenical Temple.
 12461 | D:7      | Got the Disquisition on Ghastly Calling
 12731 | D:7      | Noticed a deep elf pyromancer
 12734 | D:7      | Killed a deep elf pyromancer
 13014 | D:8      | Identified a scroll of acquirement
 13170 | D:8      | Acquired an Inescapable Atlas
 13175 | D:8      | Learned a level 2 spell: Blink
 13178 | D:8      | Learned a level 2 spell: Poisonous Vapours
 13185 | D:8      | Noticed Erica
 13190 | D:8      | Killed Erica
 13191 | D:8      | Reached skill level 1 in Evocations
 13203 | D:8      | Noticed a two-headed ogre
 13277 | D:7      | Killed a two-headed ogre
 13278 | D:7      | Reached skill level 1 in Air Magic
 13278 | D:7      | Reached skill level 1 in Poison Magic
 13278 | D:7      | Reached XP level 10. HP: 64/80 MP: 17/21
 13400 | D:8      | Noticed a five-headed hydra
 13402 | D:8      | Noticed a manticore
 13412 | D:8      | Killed a five-headed hydra
 13413 | D:8      | Reached skill level 5 in Spellcasting
 13867 | D:8      | Reached skill level 5 in Fighting
 14074 | D:8      | Reached skill level 5 in Translocations
 14215 | D:8      | Killed a manticore
 15000 | D:8      | Learned a level 4 spell: Airstrike
 15723 | D:9      | Reached skill level 10 in Conjurations
 17018 | D:9      | Found a staircase to the Lair.
 17080 | D:9      | Noticed Pikel
 17083 | D:9      | Killed Pikel
 17084 | D:9      | Reached skill level 5 in Hexes
 17084 | D:9      | Reached XP level 11. HP: 83/88 MP: 3/23
 17446 | D:10     | Entered Level 10 of the Dungeon
 17779 | D:10     | Noticed a two-headed ogre
 17783 | D:10     | Killed a two-headed ogre
 18094 | D:10     | Noticed a centaur warrior
 18234 | D:10     | Identified the +8 rapier "Bept" {vorpal, rElec Int-4 Dex+4}
 18240 | D:10     | Noticed Fannar
 18249 | D:10     | Killed Fannar
 18442 | Lair:1   | Entered Level 1 of the Lair of Beasts
 18455 | Lair:1   | Noticed a six-headed hydra
 18786 | Lair:1   | Killed a six-headed hydra
 19273 | Lair:1   | Reached skill level 11 in Conjurations
 19319 | Lair:1   | Noticed Gastronok
 19336 | Lair:1   | Killed Gastronok
 19647 | Lair:1   | Reached skill level 1 in Unarmed Combat
 19772 | Lair:1   | Noticed Harold
 19802 | Lair:1   | Killed Harold
 20752 | Lair:2   | Found a staircase to the Shoals.
 20764 | Lair:2   | Reached XP level 12. HP: 96/96 MP: 25/25
 20937 | Lair:2   | Reached skill level 5 in Dodging
 21553 | Lair:2   | Found a staircase to the Snake Pit.
 21607 | Lair:2   | Noticed a four-headed hydra
 21613 | Lair:2   | Killed a four-headed hydra
 21614 | Lair:2   | Reached skill level 5 in Air Magic
 23193 | Lair:3   | Noticed a catoblepas
 23207 | Lair:3   | Killed a catoblepas
 23459 | Lair:3   | Learned a level 1 spell: Apportation
 23493 | Lair:3   | Noticed a four-headed hydra
 23505 | Lair:3   | Killed a four-headed hydra
 24248 | Lair:3   | Learned a level 4 spell: Summon Lightning Spire
 24791 | Lair:4   | Noticed a six-headed hydra
 24798 | Lair:4   | Killed a six-headed hydra
 24799 | Lair:4   | Reached skill level 1 in Summonings
 25221 | Lair:4   | Noticed a five-headed hydra
 25229 | Lair:4   | Killed a five-headed hydra
 25453 | Lair:4   | Reached skill level 12 in Conjurations
 25457 | Lair:4   | Reached XP level 13. HP: 79/102 MP: 18/27
 28207 | Lair:6   | Entered Level 6 of the Lair of Beasts
 30832 | Lair:6   | Reached XP level 14. HP: 98/113 MP: 12/30
 30833 | Lair:6   | Reached skill level 5 in Summonings
 31655 | Lair:6   | Reached skill level 5 in Unarmed Combat
 32509 | Lair:6   | Got the Compendium of Summoning and the Glacier
 32634 | Lair:6   | Reached skill level 5 in Armour
 32978 | Lair:6   | Found a one-way gate to the infinite horrors of the Abyss.
 33320 | Lair:6   | Found a staircase to the Slime Pits.
 34999 | D:10     | Found a staircase to the Orcish Mines.
 35533 | D:6      | Killed Atherized's ghost
 35998 | D:11     | Noticed Sonja
 36001 | D:11     | Killed Sonja
 36305 | D:11     | Noticed Erolcha
 36314 | D:11     | Killed Erolcha
 36819 | D:11     | Noticed Snorg
 36833 | D:11     | Killed Snorg
 36945 | D:11     | Found a portal to a secret trove of treasure.
 37639 | D:12     | Found a gate leading to a gauntlet.
 37646 | Gauntlet | Entered a Gauntlet
 37646 | Gauntlet | Found a transporter.
 37646 | Gauntlet | Found a large runed translucent door.
 37646 | Gauntlet | Found a large runed translucent door.
 37646 | Gauntlet | Found a large runed translucent door.
 37646 | Gauntlet | Found a large runed translucent door.
 37646 | Gauntlet | Found a large runed translucent door.
 37646 | Gauntlet | Found a large runed translucent door.
 37646 | Gauntlet | Found a runed translucent door.
 37646 | Gauntlet | Found a runed translucent door.
 37646 | Gauntlet | Found a large runed translucent door.
 37646 | Gauntlet | Found a large runed translucent door.
 37646 | Gauntlet | Found a large runed translucent door.
 37646 | Gauntlet | Found a large runed translucent door.
 37646 | Gauntlet | Found a large runed translucent door.
 37646 | Gauntlet | Found a large runed translucent door.
 37647 | Gauntlet | Found a large runed translucent door.
 37647 | Gauntlet | Found a large runed translucent door.
 37647 | Gauntlet | Found a large runed translucent door.
 37647 | Gauntlet | Found a large runed translucent door.
 37655 | Gauntlet | Found a transporter.
 37655 | Gauntlet | Found a runed translucent gate.
 37655 | Gauntlet | Found a runed translucent gate.
 37655 | Gauntlet | Found a runed translucent gate.
 37656 | Gauntlet | Found a transporter.
 37657 | Gauntlet | Found a transporter.
 37660 | Gauntlet | Found a transporter.
 37661 | Gauntlet | Found a transporter.
 37664 | Gauntlet | Noticed a cacodemon
 37668 | Gauntlet | Found a runed translucent door.
 37675 | Gauntlet | Found a transporter.
 37676 | Gauntlet | Found a transporter.
 37682 | Gauntlet | Found the +1 cloak of Starlight {*Dazzle EV+4 Stlth--}
 37688 | Gauntlet | Found a transporter.
 37705 | Gauntlet | Found a transporter.
 37709 | Gauntlet | Found a transporter.
 37717 | Gauntlet | Found a transporter.
 38019 | Gauntlet | Gained mutation: Potions are less effective at restoring
                  | your health. [a cacodemon]
 38023 | Gauntlet | Killed a cacodemon
 38026 | Gauntlet | Identified the +0 pair of boots of the Goldsmith {rN+
                  | rCorr}
 38153 | Gauntlet | Cast into level 2 of the Abyss (a wizard)
 38202 | Gauntlet | Escaped the Abyss
 38220 | Gauntlet | Identified the -2 cloak of Weziwki {rC+ Slay+2}
 38330 | Gauntlet | Got the Collected Works on Twisted Ice
 38709 | D:12     | Identified the +4 spear of Discord {drain, Will+ Str+5
                  | Int-2}
 39161 | D:12     | Found a runed translucent door.
 39416 | D:12     | Reached skill level 1 in Transmutations
 41369 | D:13     | Reached XP level 15. HP: 122/122 MP: 32/32
 42887 | D:13     | Found a gate to the Vaults.
 42981 | D:13     | Learned a level 6 spell: Iron Shot
 43785 | D:14     | Reached skill level 1 in Earth Magic
 44475 | D:14     | Found a runed translucent gate.
 44476 | D:14     | Found a runed translucent gate.
 44476 | D:14     | Found a runed translucent gate.
 44476 | D:14     | Noticed NinjaNoafa's ghost (journeyman MiFi)
 44477 | D:14     | Noticed Soldner's ghost (journeyman HOFi)
 45003 | Shoals:1 | Entered Level 1 of the Shoals
 45391 | Snake:1  | Entered Level 1 of the Snake Pit
 46401 | Snake:1  | Found Faim's Jewellery Shoppe.
 47445 | Snake:2  | Noticed Vashnia
 48787 | Snake:2  | Shot with an arrow by Vashnia

Illustrated notes

Levels and vault maps discovered:
D:1:      nicolae_arrival_washed_ashore, layout_loops_ring, serial_shops,
          nicolae_shop_statue_plus, chequers_ecumenical_altar_simple,
          hangedman_abyss_or_decor_stabs
D:2:      layout_loops_cross, kennysheep_decorative_pillar
D:3:      layout_basic, serial_shops, shop
D:4:      layout_rooms, uniq_natasha
D:5:      layout_basic, minitemple, nicolae_tso_carved_into_rock,
          minmay_crystal_water, kennysheep_crisscross
D:6:      layout_gridville, nicolae_overflow_quartered_altars,
          gammafunk_ghost_smash
D:7:      cheibrodos_steamvent, layout_rooms, minmay_temple_entry_ruins
D:8:      layout_gridville, old_standard_altar, minmay_manual_mess, uniq_erica
D:9:      layout_rooms, erik_lair_island, uniq_pikel
D:10:     layout_rooms, okawaru_gym_becter,
          kennysheep_orc_monster_closet_entryway,
          minmay_fractal_squares_gapless_7, uniq_fannar
D:11:     layout_layer_cave, nicolae_trove_entry_free_sample, uniq_erolcha,
          uniq_snorg, uniq_sonja
D:12:     minmay_the_grid_triangle_9x9_rhombus_full
          [minmay_the_grid_triangle_9x9_skeleton,
          minmay_the_grid_triangle_9x9_odd_lines,
          minmay_the_grid_triangle_9x9_subtriangle,
          minmay_the_grid_triangle_9x9_corruption,
          minmay_the_grid_triangle_9x9_checkered,
          minmay_the_grid_triangle_9x9_impossible_snake,
          minmay_the_grid_triangle_9x9_zippers_vertical,
          minmay_the_grid_triangle_9x9_prize_insulated], layout_basic,
          gauntlet_entry_generic, nicolae_splish_splash
D:13:     layout_rooms, hangedman_vaults_entry_quadrant_bands
D:14:     layout_stronghold, nemelex_spade_bored_becter,
          gammafunk_ghost_cemetery
Lair:1:   layout_cave_pods, uniq_harold, uniq_gastronok
Lair:2:   layout_roguey, elwin_shoals_entry_rocks,
          minmay_snake_entry_guardpost_small, serial_bayou, serial_bayou_pond_a,
          serial_bayou_crossing, serial_bayou_pond_a, serial_bayou_shore_b,
          grunt_forest_small_clearing_treed
Lair:3:   layout_regular_city, serial_bayou_shore_a, lemuel_fruit_fields
Lair:4:   dreamdust_isle_of_ice, layout_layer_cave
Lair:5:   layout_loops_ring, grunt_megastairs_5
Lair:6:   hellmonk_lair_end_abyssal_woods, layout_gridlike,
          minmay_slime_entry_oklob_enclosed, serial_bayou_shore_b
Shoals:1: layout_shoals, serial_shops, shop
Snake:1:  layout_misc_corridors, serial_shops, nicolae_shop_statue_plus
Snake:2:  layout_cave_town, basic_altar, serial_bayou_lagoon_a,
          nicolae_snake_storage_room, uniq_aizul, uniq_vashnia, uniq_mlioglotl,
          uniq_kirke

Skill      XL: |  1  2  3  4  5  6  7  8  9 10 11 12 13 14 15 |
---------------+----------------------------------------------+-----
Conjurations   | 4 5 6 7 8 9 10 11 12 | 12.0
Spellcasting   | 2 3 4 5 6 7 8 9 |  9.9
Fighting       | 1 2 3 4 5 6 7 8 9 |  9.0
Translocations | 1 2 3 4 5 6 7 |  7.2
Armour         | 1 2 3 4 6 |  6.0
Shields        | 1 |  1.0
Hexes          | 1 3 4 5 6 7 8 |  8.0
Evocations     | 1 3 |  3.0
Air Magic      | 1 2 4 6 7 8 9 |  9.1
Poison Magic   | 1 2 3 |  3.0
Dodging        | 3 4 6 7 |  7.8
Unarmed Combat | 1 3 4 7 9 |  9.4
Summonings     | 2 4 6 |  6.0
Transmutations | 1 3 |  3.0
Earth Magic    | 3 |  3.5
Stealth        | |  1.7

Action                   |  1- 3 |  4- 6 |  7- 9 | 10-12 | 13-15 || total
-------------------------+-------+-------+-------+-------+-------++-------
Melee: Unarmed           |     3 |       |       |       |       ||     3
       Dagger            |    20 |    18 |     1 |       |       ||    39
       Whip              |       |       |     3 |       |       ||     3
       Staff             |       |       |     1 |    13 |    10 ||    24
 Cast: Magic Dart        |    96 |   119 |    43 |    74 |    73 ||   405
       Searing Ray       |     2 |     7 |    29 |       |       ||    38
       Fulminant Prism   |       |       |    16 |   120 |   339 ||   475
       Iskenderun's Myst |       |       |    14 |   108 |   253 ||   375
       Summon Lightning  |       |       |       |       |     6 ||     6
       Blink             |       |       |       |       |     1 ||     1
       Airstrike         |       |       |       |       |     5 ||     5
       Iron Shot         |       |       |       |       |     2 ||     2
  Use: Scroll            |       |     4 |     7 |    12 |     3 ||    26
       Potion            |       |     2 |       |     4 |       ||     6
Armor: Robe              |     5 |     9 |     9 |       |       ||    23
       Steam dragon scal |       |       |     4 |    35 |    13 ||    52
       Troll leather arm |       |       |       |       |    25 ||    25
Dodge: Dodged            |    39 |    29 |    40 |    58 |   146 ||   312
